Map: Cactus Valley LE (Void)

Players

Stephano - Winner!

  • Race: Zerg Zerg
  • League: Grandmaster
  • Spawn Location: 7:00

Railgan

  • Race: Zerg Zerg
  • League: Grandmaster
  • Spawn Location: 11:00

VOD

Have the link to the VOD?

Description

Time

  • Played on: March 11, 2017, 2:34 p.m.
  • Length: 8:07
Show
View Real Time Build Order
Export as new Build Order

Stephano Zerg - Winner!

Build Orders: Hatch First 

Get SALT Encoding   

  12  0:00  Drone  
  13  0:12  Overlord  
  13  0:17  Drone  
  14  0:31  Drone x2  
  14  0:35  Drone  
  17  0:53  Hatchery  
  17  0:55  Drone  
  17  0:57  Drone  
  18  1:10  Extractor  
  17  1:12  Spawning Pool  
  17  1:16  Drone  
  17  1:18  Drone  
  18  1:28  Drone  
  19  1:39  Overlord  
  19  1:59  Queen  
  19  2:00  Zergling x4  
  23  2:04  Queen  
  23  2:05  Zergling x2  
  26  2:10  Metabolic Boost  
  26  2:13  Drone  
  27  2:17  Drone  
  28  2:27  Overlord  
  28  2:35  Zergling x4  
  28  2:36  Queen  
  32  2:40  Zergling x2  
  33  2:46  Zergling x2  
  34  2:55  Zergling x4  
  36  3:02  Zergling x2  
  37  3:06  Overlord  
  37  3:14  Hatchery  
  37  3:15  Overlord  
  36  3:26  Drone x5  
  39  3:42  Drone x2  
  39  3:44  Drone x3  
  39  3:45  Overlord  
  44  3:52  Roach Warren  
  41  4:01  Zergling x2  
  41  4:02  Zergling x8  
  45  4:04  Zergling x2  
  46  4:14  Zergling x4  
  48  4:23  Queen  
  47  4:35  Roach x6  
  47  4:38  Roach  
  60  4:48  Roach  
  60  4:49  Zergling x2  
  60  4:50  Zergling x4  
  65  4:57  Overlord x2  
  64  5:03  Extractor, Drone  
  64  5:17  Roach x3  
  58  5:23  Zergling x10  
  62  5:30  Zergling x10  
  62  5:33  Roach  
  62  5:35  Roach  
  71  5:36  Zergling x6  
  71  5:40  Zergling x2  
  77  5:50  Roach x2  
  77  5:56  Roach x2  
  70  5:58  Zergling x4  
  70  6:00  Roach  
  70  6:04  Roach  
  72  6:07  Roach  
  72  6:10  Zergling x2  
  68  6:12  Drone  
  67  6:22  Roach x3  
  67  6:24  Zergling x2  
  73  6:34  Zergling x8  
  74  6:40  Zergling x6  
  74  6:42  Ravager  
  74  6:46  Roach  
  80  6:47  Drone  
  81  6:57  Drone  
  81  6:58  Overlord x2  
  82  7:03  Evolution Chamber  
  82  7:07  Drone  
  82  7:18  Roach x4  
  92  7:23  Roach x2  
  92  7:24  Overlord  
  92  7:29  Roach  
  92  7:39  Roach x2  
  86  7:45  Roach  
  86  7:46  Roach x3  
Show
View Real Time Build Order
Export as new Build Order

Railgan Zerg 

Build Orders: Hatch First, Zergling Baneling 

Get SALT Encoding   

  12  0:01  Drone  
  13  0:12  Overlord  
  13  0:18  Drone  
  14  0:31  Drone x2  
  14  0:35  Drone  
  17  0:45  Drone  
  18  0:56  Hatchery  
  17  1:00  Extractor  
  17  1:01  Drone  
  17  1:14  Spawning Pool  
  16  1:18  Drone  
  16  1:20  Drone  
  18  1:28  Drone  
  19  1:39  Overlord  
  19  1:58  Drone  
  19  2:01  Queen  
  22  2:02  Drone  
  22  2:08  Queen  
  23  2:09  Zergling x2  
  23  2:11  Drone  
  23  2:14  Metabolic Boost  
  27  2:20  Drone  
  27  2:21  Drone  
  29  2:33  Zergling x2  
  29  2:35  Zergling x2  
  31  2:39  Queen  
  31  2:40  Baneling Nest  
  31  2:42  Overlord  
  32  2:47  Drone  
  33  2:53  Drone  
  34  2:59  Drone  
  34  3:03  Drone  
  36  3:10  Drone x2  
  36  3:12  Drone  
  39  3:18  Overlord  
  39  3:19  Drone  
  40  3:20  Zergling x2  
  40  3:21  Roach Warren  
  40  3:22  Zergling x2  
  40  3:23  Baneling  
  40  3:24  Baneling x2  
  40  3:27  Baneling  
  41  3:32  Baneling x2, Zergling x4  
  43  3:34  Zergling x2  
  39  3:42  Baneling  
  39  4:02  Roach x2  
  42  4:03  Drone  
  42  4:04  Overlord x2  
  42  4:05  Extractor  
  42  4:13  Drone  
  43  4:22  Roach x2  
  47  4:26  Roach  
  47  4:27  Zergling x2  
  47  4:28  Zergling x8  
  53  4:35  Zergling x6  
  55  4:40  Roach  
  55  4:47  Baneling  
  55  4:49  Drone  
  55  4:50  Zergling x2  
  55  4:51  Zergling x4  
  59  4:59  Drone  
  60  5:06  Overlord x2  
  60  5:11  Overlord  
  60  5:13  Baneling x4  
  53  5:24  Roach x3  
  53  5:25  Roach  
  53  5:28  Zergling x6  
  58  5:35  Roach x2  
  62  5:36  Zergling x2  
  62  5:40  Roach, Zergling x2  
  60  5:57  Roach  
  60  6:00  Roach  
  60  6:01  Roach x2, Zergling x4  
  60  6:02  Zergling x2  
  68  6:06  Roach  
  68  6:08  Zergling x2  
  65  6:11  Zergling x2  
  65  6:12  Zergling x2  
  67  6:23  Roach x2  
  67  6:32  Roach, Zergling x2  
  68  6:39  Zergling x10  
  72  6:40  Zergling x2  
  72  6:46  Baneling x3  
  72  6:48  Zergling x2  
  72  6:49  Zergling x2  
  72  6:50  Ravager  
  72  6:52  Baneling  
  75  7:00  Overlord  
  75  7:07  Overlord  
  75  7:08  Baneling x3  
  75  7:18  Zergling x2  
  75  7:19  Zergling x14  
  80  7:37  Zergling x6  
  80  7:38  Zergling x4  
Tags
 
Add a new tag
Caveats
  • Supply blocks, unpowered buildings, or Contaminate may cause inaccurate times.
  • Supply counts are checked every 10 seconds.